 Dungeon Crawl Stone Soup version 0.27.1-4-g1640c2035a (webtiles) character file.

Game seed: 8294448727178564642

2863 Stomo444 the Grave Robber (level 9, -3/47 HPs)
             Began as a Vine Stalker Necromancer on Nov 12, 2021.
             Was a Believer of Vehumet.
             Slain by an orc warrior (7 damage)
             ... in a bailey.
             The game lasted 00:21:14 (9064 turns).

Stomo444 the Grave Robber (VSNe)                    Turns: 9064, Time: 00:21:14

Health: -3/47      AC:  4    Str: 13    XL:     9   Next: 75%
Magic:  0/19       EV: 14    Int: 15    God:    Vehumet [**....]
Gold:   278        SH:  0    Dex: 16    Spells: 16/20 levels left

rFire    . . .     SeeInvis .   y - +2 dagger (flame)
rCold    . . .     Faith    .   (no shield)
rNeg     . . .     Spirit   +   a - +1 robe
rPois    .         Reflect  .   (no helmet)
rElec    .         Harm     .   (no cloak)
rCorr    .         Rampage  .   e - +0 pair of gloves
Will     ++...                  (no boots)
Stlth    ++........             j - amulet of magic regeneration
HPRegen  1.15/turn              k - ring of willpower
MPRegen  0.41/turn              (no ring)

@: on berserk cooldown, slowed, very slow
A: fangs 3, regeneration 1, magic shield, antimagic bite, no potion heal 2
a: Renounce Religion


You were in a bailey.
You worshipped Vehumet.
Vehumet was pleased with you.
You visited 2 branches of the dungeon, and saw 9 of its levels.
You also visited: Bailey.

You collected 278 gold pieces.

Inventory:

Hand Weapons
 c - a +0 short sword
 d - a +1 dagger of venom
 y - a +2 dagger of flaming (weapon)
Missiles
 u - a throwing net
Armour
 a - a +1 robe (worn)
 e - a +0 pair of gloves (worn)
Jewellery
 j - an amulet of magic regeneration (around neck)
 k - a ring of willpower (left hand)
 l - a ring of ice
Wands
 g - a wand of mindburst (16)
 s - a wand of flame (10)
Scrolls
 b - a scroll of identify
 f - a scroll of magic mapping {unknown}
 h - a scroll of blinking
 r - 2 scrolls of enchant armour
 w - a scroll of teleportation
Potions
 i - a potion of lignification {unknown}
 m - a potion of flight {unknown}
 o - 2 potions of resistance {unknown}
 p - 2 potions of curing {unknown}
 q - a potion of heal wounds {unknown}
 t - 2 potions of brilliance {unknown}
 v - a potion of magic {unknown}
 x - a potion of might {unknown}


   Skills:
 + Level 5.4 Fighting
 + Level 5.0 Short Blades
 + Level 5.2 Dodging
 - Level 2.4 Stealth
 - Level 6.1 Spellcasting
 - Level 7.0 Necromancy


You had 16 spell levels left.
You knew the following spells:

 Your Spells              Type           Power      Damage    Failure   Level
a - Pain                  Necr           100%       1d9       1%          1
b - Vampiric Draining     Necr           12%        2d7       2%          3

Your spell library contained the following spells:

 Spells                   Type           Power      Damage    Failure   Level
 Freeze                   Ice            16%        1d4       14%         1
 Animate Skeleton         Necr           50%        N/A       1%          1
 Animate Dead             Necr           12%        N/A       8%          4
 Agony                    Necr           25%        N/A       22%         5
 Conjure Flame            Conj/Fire      4%         6-21      41%         3
 Ignite Poison            Fire/Tmut/Pois 4%         N/A       41%         3
 Inner Flame              Hex/Fire       4%         N/A       41%         3
 Cause Fear               Hex            2%         N/A       82%         4
 Sticky Flame             Conj/Fire      4%         2d3       82%         4
 Summon Lightning Spire   Summ/Air       4%         N/A       82%         4
 Dispersal                Tloc           2%         N/A       100%        6
 Storm Form               Tmut/Air       2%         N/A       100%        7
 Discord                  Hex            2%         N/A       100%        8
 Disjunction              Tloc           2%         N/A       100%        8
 Maxwell's Capacitive Co  Air            2%         ∞         100%        8


Dungeon Overview and Level Annotations

Branches:
Dungeon (8/15)             Temple (1/1) D:7          Bailey (1/1)
   Lair: D:8-11

Altars:
Ashenzari
Cheibriados
Dithmenos
Elyvilon
Fedhas
Gozag
Hepliaklqana
Makhleb
Nemelex Xobeh
Okawaru
Ru
Sif Muna
Trog
Uskayaw
Vehumet
Xom
Zin
The Shining One

Shops:
D:1 :   D:6 [?!

Annotations:
D:4 3 runed translucent doors, woostermichael's ghost, novice HuFi


Innate Abilities, Weirdness & Mutations

You have razor-sharp teeth.
Your natural rate of healing is unusually fast.
When hurt, damage is shared between your health and your magic reserves.
Your bite disrupts and absorbs the magic of your enemies.
Potions cannot restore your health.


Message History

The orc warrior closely misses you.
You hit the orc warrior. You burn the orc warrior.
You kill the orc warrior!
Vehumet accepts your kill. The orc warrior closely misses you.
You puncture the orc warrior! You burn the orc warrior.
You kill the orc warrior!
Vehumet accepts your kill.
You feel your power returning.
The orc warrior hits you with a +0 war axe!
* * * LOW HITPOINT WARNING * * *
You hit the orc warrior. You burn the orc warrior. You bite the orc warrior.
You kill the orc warrior!
Vehumet accepts your kill.
You feel your power returning.
Your Short Blades skill increases to level 5!
You closely miss the orc warrior. Your bite misses the orc warrior.
The orc warrior hits you with a +0 war axe!
* * * LOW HITPOINT WARNING * * *
You hit the orc warrior. You burn the orc warrior.
Your bite misses the orc warrior.
The orc warrior is moderately wounded.
The orc warrior completely misses you.
You are too berserk!
You are too berserk!
You hit the orc warrior. You burn the orc warrior.
Your bite misses the orc warrior.
The orc warrior is moderately wounded.
The orc warrior closely misses you.
You feel a strong urge to attack something.
There is an open gate here.
You are no longer berserk.
You are exhausted.
You feel yourself slow down.
There is a gate leading back out of this place here.
The orc warrior closely misses you.
The orc warrior hits you with a +0 war axe.
* * * LOW HITPOINT WARNING * * *
The orc warrior hits you with a +0 hand axe!
You die...

### ♣♣♣♣♣♣ #+#.###
♣♣♣....♣♣
###.....###♣.♣.....♣
##.........##......♣♣
#...........#.......♣♣
#.....))....'.g......♣
#.....).....'.o@.∩..♣♣
#.....)...).'.o......♣
#........)..#........♣
###.......).##.......♣♣
#.###.)...###♣.♣.....♣
...)#)#.### ♣♣♣♣..♣♣♣
o.....### ♣♣♣♣ ....g..#
.......#


You could see 2 orc warriors and a gnoll.

Vanquished Creatures
  Sigmund (D:6)
  A wyvern (D:4)
  2 vampire mosquitoes (D:6)
  4 orc warriors
  A necrophage (D:7)
  An ogre (D:5)
  A centaur (D:7)
  A wyvern zombie (D:7)
  2 bullfrogs (D:7)
  A water moccasin zombie (D:5)
  9 wights
  2 howler monkeys (D:5)
  2 centaur zombies
  4 jellies
  2 orc priests (D:5)
  A gnoll shaman (D:6)
  3 hounds
  A bullfrog skeleton (D:5)
  A centaur skeleton (D:7)
  2 iguanas
  5 orc wizards
  2 killer bee zombies
  10 gnolls
  A howler monkey skeleton (D:7)
  7 adders
  A white imp (D:7)
  A worm (D:2)
  2 dart slugs (D:2)
  39 orcs
  6 ball pythons
  11 endoplasms
  3 giant cockroaches
  11 goblins
  14 hobgoblins
  4 jackals (D:3)
  6 quokkas
  6 bats
  3 frilled lizards
  5 kobolds
  6 rats
  A butterfly (D:7)
186 creatures vanquished.

Vanquished Creatures (others)
  A fungus (D:8)
1 creature vanquished.

Grand Total: 187 creatures vanquished

Notes
Turn   | Place    | Note
-------+----------+-------------------------------------------
     0 | D:1      | Stomo444 the Vine Stalker Necromancer began the quest for
                  | the Orb.
     0 | D:1      | Reached XP level 1. HP: 9/9 MP: 4/4
   375 | D:1      | Reached XP level 2. HP: 12/14 MP: 4/6
   377 | D:1      | Reached skill level 1 in Fighting
   506 | D:1      | Found Jialen's Book Shop.
  1368 | D:1      | Reached XP level 3. HP: 14/18 MP: 2/7
  1667 | D:2      | Found a faded altar of an unknown god.
  1682 | D:2      | Learned a level 3 spell: Vampiric Draining
  2610 | D:2      | Gained mutation: Your natural rate of healing is unusually
                  | fast. [Vine Stalker growth]
  2610 | D:2      | Reached XP level 4. HP: 23/23 MP: 8/8
  2812 | D:2      | Reached skill level 1 in Short Blades
  3338 | D:3      | Reached XP level 5. HP: 24/27 MP: 4/9
  3939 | D:3      | Found a shimmering blue altar of Sif Muna.
  4206 | D:4      | Found a runed translucent gate.
  4206 | D:4      | Found a runed translucent gate.
  4207 | D:4      | Found a runed translucent gate.
  4208 | D:4      | Noticed woostermichael's ghost (novice HuFi)
  4327 | D:4      | Found a hide-covered altar of Uskayaw.
  4327 | D:4      | Noticed a +0 dagger
  4327 | D:4      | Noticed a +0 dagger
  4451 | D:4      | Noticed a wyvern
  4463 | D:4      | Killed a wyvern
  4464 | D:4      | Reached XP level 6. HP: 21/32 MP: 1/10
  4658 | D:4      | Found a white marble altar of Elyvilon.
  5233 | D:5      | Entered Level 5 of the Dungeon
  5428 | D:5      | Reached XP level 7. HP: 36/36 MP: 6/11
  5876 | D:5      | Found a glowing silver altar of Zin.
  6212 | D:5      | Reached skill level 5 in Necromancy
  6222 | D:5      | Gained mutation: You have razor-sharp teeth. [Vine Stalker
                  | growth]
  6222 | D:5      | Reached XP level 8. HP: 36/42 MP: 1/14
  6498 | D:5      | Found an opulent altar of Gozag.
  6600 | D:6      | Found Bezxigru's Magic Scroll Shop.
  6773 | D:6      | Found Tuxif's Distillery.
  6878 | D:6      | Noticed Sigmund
  6893 | D:6      | Killed Sigmund
  7204 | D:6      | Reached skill level 5 in Spellcasting
  7204 | D:6      | Reached skill level 6 in Necromancy
  7352 | D:6      | Found Goulisyc's Armour Emporium.
  7383 | D:7      | Found a staircase to the Ecumenical Temple.
  7410 | Temple   | Entered the Ecumenical Temple
  7593 | Temple   | Became a worshipper of Vehumet
  7781 | D:7      | Reached skill level 7 in Necromancy
  7781 | D:7      | Reached XP level 9. HP: 18/38 MP: 9/19
  8003 | D:7      | HP: 1/38 [centaur/arrow (5)]
  8089 | D:7      | Found Dusudgh's Book Shoppe.
  8479 | D:7      | Reached * piety under Vehumet
  8479 | D:7      | Offered knowledge of Foxfire by Vehumet.
  8713 | D:8      | Found a flagged portal.
  8733 | D:7      | Reached skill level 5 in Fighting
  8799 | Bailey   | Entered a bailey
  8887 | Bailey   | Reached skill level 5 in Dodging
  8959 | Bailey   | Offered knowledge of Freeze by Vehumet.
  8967 | Bailey   | Reached ** piety under Vehumet
  9056 | Bailey   | Reached skill level 5 in Short Blades
  9056 | Bailey   | HP: 1/70 [orc warrior (10)]
  9064 | Bailey   | Slain by an orc warrior

Illustrated notes

Levels and vault maps discovered:
D:1:      dpeg_arrival_solitude, layout_loops_ring, serial_shops, shop_statue,
          st_stairs_9, moated_statue
D:2:      layout_basic, ebering_ecumenical_altar_rust
D:3:      layout_basic, lemuel_blue_sif_altar
D:4:      layout_loops_corners, elyvilon_altar_3, dancing_weapons_uskayaw,
          gammafunk_ghost_split
D:5:      layout_rooms, mainiacjoe_overflow_brackets,
          mainiacjoe_overflow_catwalk
D:6:      layout_basic, serial_shops, nicolae_lakefront_shop,
          nicolae_shop_crystal, nicolae_stop_n_shop_2, uniq_sigmund
D:7:      layout_cave_pools, minmay_temple_entry_butterflies, serial_shops,
          nicolae_shop_stone, kb_lookout_dungeons_type, lightli_orcish_oven
D:8:      layout_basic, lemuel_round_altar, minitemple, david_lair_generic,
          serial_shops, shop, enter_bailey_2
Temple:   dshaligram_water_room_temple
Bailey:   bailey_axe_minmay_hex_keep, bailey

Skill      XL: |  1  2  3  4  5  6  7  8  9 |
---------------+----------------------------+-----
Fighting       | 1 2 3 5 |  5.4
Dodging        | 2 3 4 5 |  5.2
Short Blades   | 1 2 3 5 |  5.0
Spellcasting   | 3 6 |  6.1
Necromancy     | 5 7 |  7.0
Stealth        | |  2.4

Action                   |  1- 3 |  4- 6 |  7- 9 || total
-------------------------+-------+-------+-------++-------
Melee: Unarmed           |     6 |       |       ||     6
       Bite              |    13 |    26 |   158 ||   197
       Short sword       |    10 |       |       ||    10
       Dagger            |    34 |   101 |   484 ||   619
 Cast: Pain              |    50 |    38 |    64 ||   152
       Vampiric Draining |       |     5 |    31 ||    36
  Use: Scroll            |       |     1 |     8 ||     9
       Potion            |       |       |     2 ||     2
 Stab: Sleeping          |     1 |     2 |     3 ||     6
       Distracted        |     1 |       |       ||     1
Armor: Robe              |    10 |    20 |    58 ||    88
Dodge: Dodged            |    19 |    84 |   343 ||   446
